 Dungeon Crawl Stone Soup version 0.31-a0-744-gbc345e7fcb (webtiles) character file.

Game seed: 14335122859464075695

7518 cforsyth the Fighter (level 11, -15/81 HPs)
             Began as a Djinni Delver on Sept 14, 2023.
             Was a Believer of Hepliaklqana.
             Killed from afar by a rime drake (35 damage)
             ... with an icy flash freeze
             ... on level 9 of the Dungeon.
             The game lasted 00:21:31 (11406 turns).

cforsyth the Fighter (Djinni Delver)               Turns: 11406, Time: 00:21:31

Health: -15/81     AC:  7    Str: 11    XL:     11   Next: 38%
Gold:   533        EV: 12    Int: 24    God:    Hepliaklqana [**....] SH:  0 Dex: 14

rFire   + + .        w - +5 flail of the Foot {freeze, Int+7}
rCold   x . .        (no shield)
rNeg    . . .        b - +0 leather armour
rPois   ∞            (no helmet)
rElec   .            (no cloak)
rCorr   .            (no gloves)
SInv    .            (boots unavailable)
Will    ++...        (no amulet)
Stlth   ++           o - ring of willpower
HPRegen 0.33/turn    H - +4 ring of protection
MPRegen 0.00/turn

%: infuse magic (-16 HP)
@: flying
A: reduced essence, sickness immunity, fire resistance 2, cold vulnerability 1,
float, innate caster, HP casting, extra vitality 1
a: Renounce Religion, Recall Ancestor, Ancestor Identity


You were on level 9 of the Dungeon.
You worshipped Hepliaklqana.
Hepliaklqana was pleased with you.
You visited 2 branches of the dungeon, and saw 10 of its levels.
You also visited: Bailey.

You collected 533 gold pieces.

Inventory:

Hand Weapons
 a - a +0 falchion
 l - the +0 sling "Zoerih" {speed, MP+9}
   (You found it on level 4 of the Dungeon)

   MP+9:      It affects your magic capacity (+9).
 v - a +1 rapier of protection
 w - the +5 flail of the Foot (weapon) {freeze, Int+7}
   (You found it on level 4 of the Dungeon)

   Int+7:     It affects your intelligence (+7).
Armour
 b - a +0 leather armour (worn)
Jewellery
 o - a ring of willpower (left hand)
 s - a ring of fire
 y - a +6 ring of dexterity
 F - a ring of see invisible
 H - a +4 ring of protection (right hand)
Wands
 g - a wand of digging (2)
 q - a wand of iceblast (16)
 r - a wand of polymorph (3)
 D - a wand of paralysis (42)
 L - a wand of mindburst (17)
Scrolls
 c - 2 scrolls of fog
 h - a scroll of enchant weapon {unknown}
 k - 4 scrolls of amnesia {unknown}
 m - 5 scrolls of identify {unknown}
 n - a scroll of noise {unknown}
 p - 3 scrolls of immolation {unknown}
 u - a scroll of vulnerability {unknown}
 z - a scroll of teleportation {unknown}
 E - a scroll of silence {unknown}
 K - a scroll of summoning {unknown}
 M - a scroll of blinking {unknown}
Potions
 d - 3 potions of magic {unknown}
 f - a potion of haste
 i - 2 potions of lignification {unknown}
 j - 3 potions of curing {unknown}
 t - a potion of brilliance {unknown}
 x - 3 potions of cancellation {unknown}
 A - 2 potions of attraction {unknown}
 B - 5 potions of heal wounds {unknown}
 C - 2 potions of enlightenment {unknown}
 G - 5 potions of might {unknown}
 I - a potion of berserk rage {unknown}
 J - 2 potions of ambrosia {unknown}
 N - 2 potions of invisibility {unknown}
 O - a potion of resistance {unknown}
 P - a potion of mutation {unknown}


   Skills:
 + Level 12.3 Fighting
 - Level 1.7 Long Blades
 - Level 2.1 Dodging
 - Level 4.1 Stealth
 + Level 9.0 Spellcasting
 + Level 9.0 Conjurations
 + Level 9.0 Hexes
   Level 0.0 Charms
 + Level 9.0 Summonings
 + Level 9.0 Necromancy
 + Level 9.0 Translocations
 + Level 9.0 Transmutations
 + Level 9.0 Fire Magic
 + Level 9.0 Ice Magic
 + Level 9.0 Air Magic
 + Level 9.0 Earth Magic
 + Level 9.0 Poison Magic


You knew the following spells:

 Your Spells              Type           Power      Damage    Failure   Level
a - Magic Dart            Conj           100%       1d8       1%          1
b - Call Imp              Summ           100%       N/A       1%          2
c - Sigil of Binding      Hex            52%        N/A       1%          3
d - Summon Ice Beast      Ice/Summ       52%        N/A       1%          4
e - Sticky Flame          Conj/Fire      52%        2d7       1%          4
Your spell library was empty.

Dungeon Overview and Level Annotations

Branches:
Dungeon (9/15)             Temple (1/1) D:4            Lair (0/5) D:9
 Bailey (visited)
    Orc: D:9-12

Altars:
Ashenzari
Cheibriados
Dithmenos
Elyvilon
Fedhas
Gozag
Hepliaklqana
Makhleb
Nemelex Xobeh
Okawaru
Qazlal
Ru
Trog
Uskayaw
Wu Jian
Xom
Yredelemnul
Zin

Shops:
D:5 (   D:6 (

Annotations:
D:3 1 runed translucent door, Crazy Yiuf
D:6 Eustachio


Innate Abilities, Weirdness & Mutations

Your life essence is reduced to manifest your ancestor. (-10% HP)
You are immune to sickness and miasma.
You are immune to poison.
Your flesh is very heat resistant. (rF++)
You are vulnerable to cold. (rC-)
You float through the air rather than walking.
You learn spells naturally, not from books.
Your magical power is your life essence.
You have superior vitality. (+4 MHP)


Message History

The rime drake breathes ice at you. The icy flash freeze hits you!!
You feel a painful chill!
* * * LOW HITPOINT WARNING * * *
You are encased in ice.
The wolf bites you but does no damage.
As you read the scroll of fear, it crumbles to dust.
You assume a fearsome visage.
The wolf looks frightened!
The rime drake looks frightened!
Baqqanum barely misses the wolf.
Baqqanum blocks the wolf's attack.
Your ice beast hits the rime drake.
Your ice beast freezes the rime drake.
The rime drake resists.
Your ice beast's attack snaps the rime drake out of its fear.
The ice encasing you melts away.
Baqqanum blocks the wolf's attack. x2; Your ice beast hits the rime drake.
Your ice beast freezes the rime drake!
The rime drake resists.
Baqqanum hits the wolf with a +0 flail.
Your ice beast hits the wolf.
Your ice beast freezes the wolf!
The wolf dies!
Your Spellcasting skill increases to level 9!
Your Conjurations skill increases to level 9!
Your Hexes skill increases to level 9!
Your Summonings skill increases to level 9!
Your Necromancy skill increases to level 9!
Your Translocations skill increases to level 9!
Your Transmutations skill increases to level 9!
Your Fire Magic skill increases to level 9!
Your Ice Magic skill increases to level 9!
Your Air Magic skill increases to level 9!
Your Earth Magic skill increases to level 9!
Your Poison Magic skill increases to level 9!
Press: ? - help, v - describe, . - travel
Here: a rime drake (heavily wounded, ally target)
The floor.
As you read the scroll of fear, it crumbles to dust.
You assume a fearsome visage.
The rime drake looks frightened!
Baqqanum barely misses the rime drake.
Your ice beast hits the rime drake.
Your ice beast freezes the rime drake.
The rime drake resists.
The rime drake breathes ice at you. The icy flash freeze hits you!!
You feel a painful chill!
You die...

....# ##...#..........#.....#..
....######...#..........#,,,,,#..
.............#.<(.......#***,,+,,
.............#))...........****,,
.............#..............,,,,,
#'############.....(........,*,,*
..............(.......####.#,,,,,
..............[.......+.,,.),,,,,
..[..(..........@....##....,,*,*,
.....................#.....,,,,,,
########....######...#.....#.*,,,
.....,,*,.,,#....#...#......#**,*
.....,,*,,,,#....#R........##,,,,
.....,,#.,,,#....#.Yk.......#.,,,
.....,,+...##....#.......#....,>,
.....,,#.(.#.....#...#......#,,,,
.....,,#...#....>#.........##,,,,


You could see a rime drake (fleeing, catching breath, ally target) and a
friendly ice beast (summoned).

Vanquished Creatures
  Maggie (D:6)
  A steam dragon (D:9)
  An acid dragon (D:6)
  An orc warrior (D:7)
  3 black bears
  A centaur (D:4)
  A phantom (D:7)
  Blork the orc (D:4)
  3 scorpions
  3 electric eels
  6 howler monkeys
  A hound (D:5)
  A jelly (D:5)
  An orc priest (D:5)
  Ijyb (D:3)
  6 adders
  A white imp (D:6)
  2 worms (D:2)
  3 dart slugs
  9 orcs
  8 ball pythons
  9 bats
  4 endoplasms
  4 giant cockroaches
  5 goblins
  7 hobgoblins
  3 jackals (D:1)
  2 quokkas
  A frilled lizard (D:3)
  11 kobolds
  7 rats
108 creatures vanquished.

Vanquished Creatures (collateral kills)
  A two-headed ogre (D:9)
  A centaur warrior (D:8)
  An orc knight (Bailey)
  Joseph (D:9)
  12 yaks
  2 water moccasins
  3 ice beasts
  A sky beast (D:7)
  An orc warrior (D:9)
  A centaur (D:9)
  An ogre (D:7)
  A wolf (D:9)
  A kobold brigand (D:9)
  3 bullfrogs
  A gnoll sergeant (D:7)
  3 scorpions
  3 wights (D:8)
  A howler monkey (D:8)
  An orc priest (D:9)
  3 gnoll boudas
  A jelly (D:7)
  An iguana (D:7)
  An orc wizard (D:7)
  15 gnolls
  A shadow imp (D:7)
  21 orcs
  A kobold (D:9)
83 creatures vanquished.

Vanquished Creatures (others)
  2 knights
  3 ancestors
  A kobold (D:3)
6 creatures vanquished.

Grand Total: 197 creatures vanquished

Notes
Turn   | Place    | Note
-------+----------+-------------------------------------------
     0 | D:5      | cforsyth the Djinni Delver began the quest for the Orb.
     0 | D:5      | Reached XP level 1. HP: 20/20 MP: 0/0
     8 | D:5      | Noticed a scorpion
    93 | D:5      | Reached XP level 2. HP: 21/25 MP: 0/0
   119 | D:5      | Noticed a black bear
   149 | D:4      | Identified the +0 sling "Zoerih" {speed, MP+9}
   174 | D:4      | Noticed Blork the orc
   230 | D:3      | Reached skill level 1 in Spellcasting
   230 | D:3      | Reached skill level 1 in Conjurations
   230 | D:3      | Reached skill level 1 in Hexes
   230 | D:3      | Reached skill level 1 in Summonings
   230 | D:3      | Reached skill level 1 in Necromancy
   230 | D:3      | Reached skill level 1 in Translocations
   230 | D:3      | Reached skill level 1 in Transmutations
   230 | D:3      | Reached skill level 1 in Fire Magic
   230 | D:3      | Reached skill level 1 in Ice Magic
   230 | D:3      | Reached skill level 1 in Air Magic
   230 | D:3      | Reached skill level 1 in Earth Magic
   230 | D:3      | Reached skill level 1 in Poison Magic
   230 | D:3      | Reached XP level 3. HP: 25/30 MP: 0/0
   230 | D:3      | Learned a level 1 spell: Magic Dart
   407 | D:3      | Found an iron altar of Okawaru.
   407 | D:3      | Found a hide-covered altar of Uskayaw.
   509 | D:3      | Noticed Ijyb
   826 | D:3      | Reached XP level 4. HP: 5/37 MP: 0/0
  1142 | D:2      | Reached skill level 4 in Fighting
  1383 | D:3      | Killed Ijyb
  1740 | D:3      | Reached XP level 5. HP: 41/41 MP: 0/0
  1740 | D:3      | Learned a level 2 spell: Call Imp
  1864 | D:3      | Found a runed translucent door.
  1865 | D:3      | Noticed Crazy Yiuf
  1991 | D:4      | Noticed a centaur
  2005 | D:4      | Killed a centaur
  2264 | D:4      | Reached XP level 6. HP: 37/49 MP: 0/0
  2272 | D:4      | Identified the +5 flail of the Foot {freeze, Int+7}
  2356 | D:4      | Found a staircase to the Ecumenical Temple.
  2362 | Temple   | Entered the Ecumenical Temple
  2384 | Temple   | Became a worshipper of Hepliaklqana the Forgotten
  2644 | D:1      | Found a faded altar of an unknown god.
  3036 | D:1      | Reached skill level 5 in Fighting
  3417 | D:2      | Reached * piety under Hepliaklqana
  4129 | D:4      | Found a staircase to the Ecumenical Temple.
  4303 | D:4      | Killed Blork the orc
  4587 | D:5      | Reached XP level 7. HP: 48/48 MP: 0/0
  4587 | D:5      | Learned a level 3 spell: Sigil of Binding
  4714 | D:5      | Reached skill level 6 in Fighting
  4937 | D:5      | Reached XP level 8. HP: 22/55 MP: 0/0
  5350 | D:5      | Found Ogicoch's Weapon Emporium.
  5507 | D:6      | Noticed Eustachio
  5662 | D:6      | Reached skill level 7 in Fighting
  5927 | D:6      | Found Qustrot's Weapon Shoppe.
  5955 | D:6      | Noticed Maggie
  5968 | D:6      | Paralysed by Maggie for 2 turns
  5981 | D:6      | Killed Maggie
  5982 | D:6      | Reached skill level 5 in Spellcasting
  5982 | D:6      | Reached skill level 5 in Conjurations
  5982 | D:6      | Reached skill level 5 in Hexes
  5982 | D:6      | Reached skill level 5 in Summonings
  5982 | D:6      | Reached skill level 5 in Necromancy
  5982 | D:6      | Reached skill level 5 in Translocations
  5982 | D:6      | Reached skill level 5 in Transmutations
  5982 | D:6      | Reached skill level 5 in Fire Magic
  5982 | D:6      | Reached skill level 5 in Ice Magic
  5982 | D:6      | Reached skill level 5 in Air Magic
  5982 | D:6      | Reached skill level 5 in Earth Magic
  5982 | D:6      | Reached skill level 5 in Poison Magic
  6754 | D:7      | Reached skill level 8 in Fighting
  6754 | D:7      | Reached XP level 9. HP: 57/63 MP: 0/0
  6754 | D:7      | Learned a level 4 spell: Summon Ice Beast
  7496 | D:7      | Reached skill level 9 in Fighting
  8435 | D:8      | Noticed a centaur warrior
  8443 | D:8      | HP: 3/64 [centaur warrior/arrow (13)]
  9164 | D:8      | Reached XP level 10. HP: 66/71 MP: 0/0
  9232 | D:8      | Reached ** piety under Hepliaklqana
  9233 | D:8      | Remembered your ancestor Baqqanum as a knight
  9332 | D:8      | Killed a centaur warrior
  9333 | D:8      | Reached skill level 10 in Fighting
  9939 | D:8      | Found a stormy altar of Qazlal.
 10005 | D:9      | Found a flagged portal.
 10015 | Bailey   | Entered a bailey
 10089 | Bailey   | Reached skill level 11 in Fighting
 10519 | Bailey   | Noticed an orc knight
 10547 | Bailey   | Killed an orc knight
 11167 | D:9      | Noticed Joseph
 11188 | D:9      | Reached XP level 11. HP: 74/78 MP: 0/0
 11188 | D:9      | Learned a level 4 spell: Sticky Flame
 11191 | D:9      | Killed Joseph
 11241 | D:9      | Reached skill level 12 in Fighting
 11387 | D:9      | Noticed a two-headed ogre
 11397 | D:9      | Killed a two-headed ogre
 11406 | D:9      | Killed from afar by a rime drake

Illustrated notes

Levels and vault maps discovered:
D:1:      minmay_arrival_checkered_box, layout_basic,
          hellmonk_ecumenical_altar_lost_god
D:2:      layout_basic, grunt_decor_cap, grunt_ministairs_9
D:3:      layout_basic, mainiacjoe_overflow_divided_tiny, uniq_ijyb,
          uniq_crazy_yiuf_cottage
D:4:      layout_rooms, temple_doors_cd, minmay_liquid_box, uniq_blork_the_orc
D:5:      layout_loops_ring, serial_shops, shop, minmay_statues_item
D:6:      layout_cave_pools, serial_shops, nicolae_inconvenience_store,
          uniq_maggie, uniq_eustachio
D:7:      wad_river_or_something, layout_basic, st_stairs_4
D:8:      layout_loops_cross, kennysheep_little_box
D:9:      layout_irregular_city, hellmonk_lair_entry_icy, enter_bailey_2,
          uniq_joseph
Temple:   minmay_temple_bridge_d

Skill      XL: |  1  2  3  4  5  6  7  8  9 10 11 |
---------------+----------------------------------+-----
Spellcasting   | 1 2 3 4 5 6 8 9 |  9.0
Conjurations   | 1 2 3 4 5 6 8 9 |  9.0
Hexes          | 1 2 3 4 5 6 8 9 |  9.0
Summonings     | 1 2 3 4 5 6 8 9 |  9.0
Necromancy     | 1 2 3 4 5 6 8 9 |  9.0
Translocations | 1 2 3 4 5 6 8 9 |  9.0
Transmutations | 1 2 3 4 5 6 8 9 |  9.0
Fire Magic     | 1 2 3 4 5 6 8 9 |  9.0
Ice Magic      | 1 2 3 4 5 6 8 9 |  9.0
Air Magic      | 1 2 3 4 5 6 8 9 |  9.0
Earth Magic    | 1 2 3 4 5 6 8 9 |  9.0
Poison Magic   | 1 2 3 4 5 6 8 9 |  9.0
Fighting       | 4 5 6 8 9 11 12 | 12.3
Long Blades    | |  1.7
Dodging        | |  2.1
Stealth        | |  4.1

Action                     |  1- 3 |  4- 6 |  7- 9 | 10-12 || total
---------------------------+-------+-------+-------+-------++-------
  Melee: Falchion          |    50 |   109 |       |       ||   159
         Punch             |     1 |     1 |       |       ||     2
         Flail             |       |    89 |    62 |     8 ||   159
   Cast: Magic Dart        |    14 |     1 |    51 |       ||    66
         Call Imp          |       |     1 |    24 |    33 ||    58
         Sigil of Binding  |       |       |     4 |       ||     4
         Summon Ice Beast  |       |       |    19 |    33 ||    52
 Invoke: Recall Ancestor   |       |       |     1 |     2 ||     3
         Ancestor Life: Kn |       |       |       |     1 ||     1
  Evoke: Wand              |       |       |     1 |       ||     1
    Use: Potion            |       |     1 |       |       ||     1
         Scroll            |       |       |     1 |     3 ||     4
   Stab: Sleeping          |     2 |    13 |     4 |       ||    19
         Distracted        |       |       |     2 |       ||     2
 Armour: Leather armour    |    32 |   138 |    91 |    44 ||   305
  Dodge: Dodged            |    30 |   163 |    63 |    30 ||   286

Table legend: (Time is in decaauts)
 A = Elapsed time spent in this place.
 B = Non-inter-level travel time spent in this place.
 C = Inter-level travel time spent in this place.
 D = Time resting spent in this place.
 E = Time spent auto-exploring this place.
 F = Levels seen in this place.
 G = Mean time per level.
                   A        B        C        D        E       F      G
               +--------+--------+--------+--------+--------+-----+--------+
         Total |  11492 |  11055 |    437 |   1454 |   7422 |  11 | 1044.7 |
       Dungeon |  10633 |  10239 |    394 |   1388 |   6892 |   9 | 1181.4 |
        Temple |     44 |      1 |     43 |      0 |      0 |   1 |   44.0 |
        Bailey |    813 |    813 |      0 |     66 |    530 |   1 |  813.0 |
               +--------+--------+--------+--------+--------+-----+--------+

Top non-repeatable levels by time:
     D:7: 2349 daAuts
     D:3: 1729 daAuts
     D:5: 1276 daAuts
     D:4: 1220 daAuts
     D:6: 1000 daAuts
     D:8: 942 daAuts
     D:2: 852 daAuts
  Bailey: 813 daAuts
     D:1: 656 daAuts
     D:9: 606 daAuts
  Temple: 44 daAuts
